[Event "Coimbra Queima Fitas Open 2024"]
[Site "Coimbra"]
[Date "2024.04.27"]
[Round "5.8"]
[White "Pinto, Jose Joao Meireles A"]
[Black "Santos, Ricardo Alexandre Lu"]
[Result "1-0"]
[ECO "B15"]
[WhiteElo "1829"]
[BlackElo "1987"]
[Annotator "NA"]
[PlyCount "39"]
[EventDate "2024.04.23"]
[EventType "swiss"]
[EventCountry "POR"]
[SourceTitle "playchess.com"]
[Source "ChessBase"]
[SourceQuality "1"]
[TimeControl "5400+30"]

1. e4 c6 2. d4 d5 3. Nc3 dxe4 4. Nxe4 Nf6 5. Nxf6+ exf6 6. Bc4 Be6 7. Bxe6 fxe6 8. Qh5+ g6 9. Qe2 Kf7 10. Nf3 Bd6 11. Be3 Qa5+ 12. Bd2 Qa6 13. c4 Nd7 14. O-O Rhe8 15. Rfe1 e5 16. dxe5 Nxe5 17. b3 Rad8 18. Bc3 Nd3 19. Ng5+ Kf8 20. Qf3 1-0

[Event "Coimbra Queima Fitas Open 2024"]
[Site "Coimbra"]
[Date "2024.04.27"]
[Round "5.9"]
[White "Farias, David Nuno Moita Est"]
[Black "Almeida, Joao Pedro Dias"]
[Result "1-0"]
[ECO "B90"]
[WhiteElo "2194"]
[BlackElo "2006"]
[Annotator "NA RC"]
[PlyCount "95"]
[EventDate "2024.04.23"]
[EventType "swiss"]
[EventCountry "POR"]
[SourceTitle "playchess.com"]
[Source "ChessBase"]
[SourceQuality "1"]
[TimeControl "5400+30"]

1. e4 c5 2. Nf3 d6 3. d4 cxd4 4. Nxd4 Nf6 5. Nc3 a6 6. Be3 e5 7. Nb3 Be7 8. h3 h5 9. f4 b5 10. Qf3 Bb7 11. O-O-O Nbd7 12. Bd3 h4 13. Rhf1 Nh5 14. fxe5 Nxe5 15. Qf2 Ng3 16. Rfe1 Rc8 17. Kb1 Bg5 18. Nd5 Bxd5 19. exd5 O-O 20. Nd4 g6 21. c3 Re8 22. Bc2 Nc4 23. Nc6 Bxe3 24. Nxd8 Bxf2 25. Rxe8+ Kh7 26. Rf8 Ne5 27. Rxf7+ Nxf7 28. Nxf7 Re8 29. Nxd6 Re2 30. Nf7 Kg7 31. Ng5 Bb6 32. Ne6+ Kf6 33. Nf4 Rf2 34. Nxg6 Rxc2 35. Kxc2 Kxg6 36. d6 Kf6 37. Re1 Nf5 38. d7 Ne7 39. Re4 Bd8 40. c4 Nc6 41. c5 Kf5 42. Re8 Kf6 43. a3 Be7 44. Rc8 Nd4+ 45. Kd3 Ne6 46. c6 Ke5 47. c7 Nc5+ 48. Ke2 1-0

[Event "Coimbra Queima Fitas Open 2024"]
[Site "Coimbra"]
[Date "2024.04.27"]
[Round "5.10"]
[White "Costa, Goncalo Martins Paul"]
[Black "Dias, Ivo Rodrigues"]
[Result "1/2-1/2"]
[ECO "A48"]
[WhiteElo "1855"]
[BlackElo "2145"]
[Annotator "NA RC"]
[PlyCount "80"]
[EventDate "2024.04.23"]
[EventType "swiss"]
[EventCountry "POR"]
[SourceTitle "playchess.com"]
[Source "ChessBase"]
[SourceQuality "1"]
[TimeControl "5400+30"]

1. d4 Nf6 2. Bf4 g6 3. Nf3 Bg7 4. c3 O-O 5. Nbd2 d6 6. e4 c5 7. dxc5 dxc5 8. Be2 Nc6 9. O-O b6 10. h3 Bb7 11. Qc2 Qc8 12. Rfe1 Nh5 13. Be3 Qc7 14. a4 e6 15. Rad1 a6 16. b4 Ne5 17. b5 axb5 18. Bxb5 Nxf3+ 19. Nxf3 Rfd8 20. Bg5 Rxd1 21. Rxd1 Nf6 22. Bxf6 Bxf6 23. Rd7 Qc8 24. Qd3 c4 25. Qe3 Bc6 26. Rd6 Bxb5 27. axb5 Ra1+ 28. Kh2 Be7 29. Rc6 Qb8+ 30. e5 Bc5 31. Qf4 Bxf2 32. Ng5 Bg1+ 33. Kg3 Rf1 34. Qxf1 Qxe5+ 35. Kh4 f6 36. Rc8+ Kg7 37. Rc7+ Kg8 38. Rc8+ Kg7 39. Rc7+ Kg8 40. Rc8+ Kg7 1/2-1/2

[Event "Coimbra Queima Fitas Open 2024"]
[Site "Coimbra"]
[Date "2024.04.27"]
[Round "5.11"]
[White "Monteiro, Paulo Alexandre Gome"]
[Black "Ledas, Armandas"]
[Result "1-0"]
[ECO "A59"]
[WhiteElo "2122"]
[BlackElo "1851"]
[Annotator "NA RC"]
[PlyCount "115"]
[EventDate "2024.04.23"]
[EventType "swiss"]
[EventCountry "POR"]
[SourceTitle "playchess.com"]
[Source "ChessBase"]
[SourceQuality "1"]
[TimeControl "5400+30"]

1. d4 Nf6 2. c4 c5 3. d5 b5 4. cxb5 a6 5. bxa6 Bxa6 6. Nc3 d6 7. e4 Bxf1 8. Kxf1 g6 9. g3 Qc8 10. Kg2 Bg7 11. Nf3 O-O 12. Re1 Nfd7 13. Bf4 Qb7 14. Rb1 Na6 15. e5 dxe5 16. Nxe5 Nxe5 17. Bxe5 Rfd8 18. Bxg7 Kxg7 19. Qf3 Nb4 20. a3 Nxd5 21. Nxd5 Qxd5 22. Qxd5 Rxd5 23. Rxe7 c4 24. Rc7 Ra4 25. Re1 h5 26. Ree7 Rf5 27. Re4 Rb5 28. Rf4 c3 29. Rfxf7+ Kg8 30. bxc3 Rb6 31. Rfd7 Rb8 32. Rg7+ Kf8 33. Rxg6 Rxa3 34. Rh6 Kg8 35. Rxh5 Ra2 36. Rg5+ Kh8 37. Rf5 Rc2 38. Rff7 Rcb2 39. h4 R2b6 40. Rh7+ Kg8 41. h5 Rf6 42. Rcg7+ Kf8 43. Rh8+ Kxg7 44. Rxb8 Rc6 45. Rb3 Kh6 46. g4 Kg5 47. Kg3 Rd6 48. Rb5+ Kh6 49. f4 Rd3+ 50. Kh4 Rxc3 51. g5+ Kg7 52. Rb7+ Kg8 53. g6 Rc8 54. Kg5 Kh8 55. f5 Kg8 56. h6 Rf8 57. h7+ Kh8 58. g7+ 1-0

[Event "Coimbra Queima Fitas Open 2024"]
[Site "Coimbra"]
[Date "2024.04.27"]
[Round "5.12"]
[White "Asvestopoulou, Evdokia"]
[Black "Vasconcelos, Paulo Jorge Lopes De"]
[Result "0-1"]
[ECO "E81"]
[WhiteElo "1835"]
[BlackElo "2093"]
[Annotator "NA RC"]
[PlyCount "64"]
[EventDate "2024.04.23"]
[EventType "swiss"]
[EventCountry "POR"]
[SourceTitle "playchess.com"]
[Source "ChessBase"]
[SourceQuality "1"]
[TimeControl "5400+30"]

1. d4 Nf6 2. c4 g6 3. Nc3 Bg7 4. e4 d6 5. f3 O-O 6. Be3 c5 7. d5 e6 8. Qd2 exd5 9. exd5 Re8 10. O-O-O Nbd7 11. g4 Ne5 12. h3 a6 13. Bh6 Bh8 14. f4 Ned7 15. h4 Nxg4 16. h5 Nxh6 17. hxg6 Bg7 18. gxf7+ Nxf7 19. Bd3 h6 20. Nf3 Nf6 21. Rdg1 Bg4 22. Qg2 Qd7 23. Rh4 h5 24. Bg6 Bxf3 25. Qxf3 Qe7 26. Rh3 Nh6 27. Bxh5 Nxh5 28. Qxh5 Qf6 29. Qxh6 Re1+ 30. Kc2 Rxg1 31. Qh7+ Kf8 32. Qe4 Re8 0-1

[Event "Coimbra Queima Fitas Open 2024"]
[Site "Coimbra"]
[Date "2024.04.27"]
[Round "5.13"]
[White "Pinto, Jose Joao Meireles A"]
[Black "Pacetti Terra, Nicolas Marcelo"]
[Result "0-1"]
[ECO "C22"]
[WhiteElo "1829"]
[BlackElo "2019"]
[Annotator "NA RC"]
[PlyCount "48"]
[EventDate "2024.04.23"]
[EventType "swiss"]
[EventCountry "POR"]
[SourceTitle "playchess.com"]
[Source "ChessBase"]
[SourceQuality "1"]
[TimeControl "5400+30"]

1. e4 e5 2. d4 exd4 3. Qxd4 Nc6 4. Qe3 Nf6 5. Nc3 Bb4 6. Bd2 O-O 7. O-O-O Re8 8. f3 d5 9. Be1 d4 10. Qf2 Qe7 11. Nb1 Bc5 12. Qh4 Be6 13. a3 Rab8 14. Bd3 Ba2 15. Kd2 b5 16. b4 Bd6 17. Nh3 a5 18. bxa5 Nxa5 19. Ke2 Nc4 20. Bd2 Nxd2 21. Nxd2 Nxe4 22. Qxe7 Nc3+ 23. Kf1 Rxe7 24. Ne4 Nxd1 0-1

[Event "Coimbra Queima Fitas Open 2024"]
[Site "Coimbra"]
[Date "2024.04.27"]
[Round "5.14"]
[White "Bras, Hugo Miguel Pereira"]
[Black "Maloberti, David"]
[Result "0-1"]
[ECO "C01"]
[WhiteElo "1827"]
[BlackElo "1975"]
[Annotator "NA RC"]
[PlyCount "92"]
[EventDate "2024.04.23"]
[EventType "swiss"]
[EventCountry "POR"]
[SourceTitle "playchess.com"]
[Source "ChessBase"]
[SourceQuality "1"]
[TimeControl "5400+30"]

1. e4 e6 2. d4 d5 3. exd5 exd5 4. Nf3 Bd6 5. c4 c6 6. Nc3 Nf6 7. Bd3 O-O 8. O-O dxc4 9. Bxc4 Bg4 10. h3 Bh5 11. Bg5 Nbd7 12. Re1 Qa5 13. g4 Nxg4 14. hxg4 Bxg4 15. Bh4 Qh5 16. Kg2 Bxf3+ 17. Qxf3 Qxh4 18. Rh1 Qg5+ 19. Kf1 Nf6 20. Ne4 Nxe4 21. Qxe4 Qg6 22. Qf3 Rae8 23. Bd3 f5 24. Bc4+ Kh8 25. Qh3 h6 26. Rg1 Qf6 27. Qh5 Qxd4 28. Be2 Re6 29. Rd1 Qe5 30. Bc4 Re7 31. Bd3 Qh2 32. Qf3 Qf4 33. Qh5 Bc5 34. Rg2 Bd4 35. b3 Re3 36. Bc4 c5 37. Bf7 Rf3 38. Rxd4 cxd4 39. Kg1 Rc3 40. Rxg7 Rc1+ 41. Kg2 Qe4+ 42. f3 Qe2+ 43. Kg3 Rg1+ 44. Kf4 Qe3+ 45. Kxf5 Rxg7 46. f4 Rfxf7+ 0-1

[Event "Coimbra Queima Fitas Open 2024"]
[Site "Coimbra"]
[Date "2024.04.27"]
[Round "5.15"]
[White "Meira, Joao Pedro Pires Car"]
[Black "Guerra, Jose Goulart De Varg"]
[Result "1-0"]
[ECO "A47"]
[WhiteElo "1967"]
[BlackElo "1813"]
[Annotator "NA RC"]
[PlyCount "30"]
[EventDate "2024.04.23"]
[EventType "swiss"]
[EventCountry "POR"]
[SourceTitle "playchess.com"]
[Source "ChessBase"]
[SourceQuality "1"]
[TimeControl "5400+30"]

1. d4 Nf6 2. Nf3 b6 3. e3 e6 4. Bd3 c5 5. O-O Be7 6. dxc5 bxc5 7. b3 O-O 8. Bb2 d5 9. Nbd2 Ba6 10. Qe2 Bxd3 11. cxd3 Nbd7 12. e4 h6 13. Rfe1 Re8 14. exd5 exd5 15. d4 Qa5 1-0

[Event "Coimbra Queima Fitas Open 2024"]
[Site "Coimbra"]
[Date "2024.04.27"]
[Round "5.16"]
[White "Alegre, Fabio Da Conceicao B"]
[Black "Batista, Sandro Manuel Almeid"]
[Result "1-0"]
[ECO "A10"]
[WhiteElo "1942"]
[BlackElo "1775"]
[Annotator "NA RC"]
[PlyCount "87"]
[EventDate "2024.04.23"]
[EventType "swiss"]
[EventCountry "POR"]
[SourceTitle "playchess.com"]
[Source "ChessBase"]
[SourceQuality "1"]
[TimeControl "5400+30"]

1. c4 b6 2. Nc3 Bb7 3. e4 e5 4. Nf3 Nc6 5. g3 Bc5 6. Na4 Be7 7. Bg2 Nf6 8. d3 Bb4+ 9. Nc3 Qe7 10. O-O O-O 11. Nb5 Qd8 12. a3 Be7 13. b3 d6 14. Bb2 Nd7 15. Nc3 Nc5 16. b4 Ne6 17. Nd5 Nb8 18. Nxe7+ Qxe7 19. d4 Ng5 20. Nxg5 Qxg5 21. f4 exf4 22. Rxf4 f5 23. Qd2 Nd7 24. Raf1 Rae8 25. exf5 Bxg2 26. Qxg2 Qe7 27. R4f2 Nf6 28. h3 Qe3 29. Kh2 Qd3 30. Rc1 Re3 31. Rc3 Qxd4 32. Rf4 Qe5 33. Rc2 Qe7 34. Bc1 Re1 35. Rff2 Re8 36. Bg5 Qe5 37. Bxf6 Qxf6 38. Rce2 R1xe2 39. Rxe2 Rxe2 40. Qxe2 Qxf5 41. Qe8+ Qf8 42. Qe6+ Qf7 43. Qc8+ Qf8 44. Qe6+ 1-0

[Event "Coimbra Queima Fitas Open 2024"]
[Site "Coimbra"]
[Date "2024.04.27"]
[Round "5.17"]
[White "Ribeiro, Rafael Alves Figueir"]
[Black "Ryabukhina, Veronika"]
[Result "0-1"]
[ECO "C41"]
[WhiteElo "1927"]
[BlackElo "1738"]
[Annotator "NA RC"]
[PlyCount "85"]
[EventDate "2024.04.23"]
[EventType "swiss"]
[EventCountry "POR"]
[SourceTitle "playchess.com"]
[Source "ChessBase"]
[SourceQuality "1"]
[TimeControl "5400+30"]

1. e4 d6 2. d4 Nf6 3. Nc3 e5 4. Nf3 Nbd7 5. Bc4 Be7 6. O-O O-O 7. Re1 c6 8. a4 Qc7 9. h3 h6 10. Be3 a5 11. Qd2 Re8 12. Bb3 Bf8 13. Nh4 exd4 14. Bxd4 b6 15. Ng6 Ba6 16. Nxf8 Kxf8 17. Rad1 Rad8 18. Qf4 Ne5 19. Qh4 c5 20. Bxe5 dxe5 21. Nd5 Nxd5 22. Bxd5 c4 23. c3 Bc8 24. Re3 Bd7 25. Rf3 Be6 26. Qg3 Qc5 27. Re1 Bxd5 28. exd5 Qxd5 29. Rfe3 f6 30. f4 e4 31. Qg6 Qc5 32. Kh2 f5 33. Rg3 Rd7 34. Qh7 Qd5 35. Ree3 Rf7 36. Rg6 Qd2 37. Reg3 Qxf4 38. Qh8+ Ke7 39. Re6+ Kxe6 40. Qxe8+ Re7 41. Qc6+ Qd6 42. Qxc4+ Qd5 43. Rg6+ 0-1

[Event "Coimbra Queima Fitas Open 2024"]
[Site "Coimbra"]
[Date "2024.04.27"]
[Round "5.18"]
[White "Ermida, Ricardo Carreira Das"]
[Black "Santos, Tomas Afonso Pires D"]
[Result "1/2-1/2"]
[ECO "B22"]
[WhiteElo "1825"]
[BlackElo "1904"]
[Annotator "NA RC"]
[PlyCount "73"]
[EventDate "2024.04.23"]
[EventType "swiss"]
[EventCountry "POR"]
[SourceTitle "playchess.com"]
[Source "ChessBase"]
[SourceQuality "1"]
[TimeControl "5400+30"]

1. e4 c5 2. c3 Nf6 3. e5 Nd5 4. d4 cxd4 5. cxd4 d6 6. Nf3 dxe5 7. dxe5 Nc6 8. Bc4 Ndb4 9. Qxd8+ Nxd8 10. Na3 a6 11. O-O b5 12. Bb3 e6 13. Nc2 Bb7 14. Nxb4 Bxb4 15. Nd4 Nc6 16. Nxc6 Bxc6 17. Rd1 O-O 18. Be3 Rfc8 19. Rac1 Kf8 20. f3 Ke8 21. Kf2 Bb7 22. a3 Be7 23. Rxc8+ Rxc8 24. Rc1 Rxc1 25. Bxc1 Kd7 26. Bc2 g6 27. b4 f6 28. Bb2 fxe5 29. Bxe5 a5 30. Bc3 Bd5 31. g3 Kc6 32. Ke3 a4 33. f4 Bd8 34. Bd4 Be7 35. Bc3 Bd8 36. Bd4 Be7 37. Bc3 1/2-1/2

[Event "Coimbra Queima Fitas Open 2024"]
[Site "Coimbra"]
[Date "2024.04.28"]
[Round "6.1"]
[White "Gama, Edivaldo Pereira Da"]
[Black "Sousa, Andre Ventura"]
[Result "1/2-1/2"]
[ECO "A05"]
[WhiteElo "2109"]
[BlackElo "2426"]
[Annotator "TA"]
[PlyCount "45"]
[EventDate "2024.04.23"]
[EventType "swiss"]
[EventCountry "POR"]
[SourceTitle "playchess.com"]
[Source "ChessBase"]
[SourceQuality "1"]
[TimeControl "5400+30"]

1. Nf3 Nf6 2. g3 e6 3. d4 b5 4. a4 b4 5. c4 Bb7 6. Bg2 c5 7. O-O cxd4 8. Nxd4 Bxg2 9. Kxg2 Be7 10. Nd2 O-O 11. b3 Na6 12. e4 Nc5 13. Qe2 Qc7 14. Bb2 Qb7 15. f3 d6 16. Rad1 Rfe8 17. Qe3 Bf8 18. Ne2 Nfd7 19. Nf4 Rad8 20. Nd3 Nxd3 21. Qxd3 Nc5 22. Qe3 (22. Qc2 $11) 22... Nd7 ({Black should try} 22... e5 $15) 23. Rfe1 {[%emt 0:01:25] Weighted Error Value: White=0.16 (very precise) /Black=0.12 (very precise) .  Mistake:       	White=1     	Black=1      Inaccurate:     	White=1     	Black=1      OK:         	White=5     	Black=2} 1/2-1/2

[Event "Coimbra Queima Fitas Open 2024"]
[Site "Coimbra"]
[Date "2024.04.28"]
[Round "6.2"]
[White "Veiga, Jose Francisco R P N"]
[Black "Ribeiro, Gustavo Martins Sant"]
[Result "1-0"]
[ECO "C42"]
[WhiteElo "2378"]
[BlackElo "2226"]
[Annotator "TA"]
[PlyCount "98"]
[EventDate "2024.04.23"]
[EventType "swiss"]
[EventCountry "POR"]
[SourceTitle "playchess.com"]
[Source "ChessBase"]
[SourceQuality "1"]
[TimeControl "5400+30"]

1. e4 e5 2. Nf3 Nf6 3. Nxe5 d6 4. Nf3 Nxe4 5. d3 Nf6 6. d4 d5 7. Bd3 c5 8. O-O c4 9. Re1+ Be7 10. Bf1 O-O 11. b3 cxb3 12. axb3 Nc6 {[%emt 0:00:37] The position is equal.} 13. c3 Bf5 14. Bg5 Rc8 15. Bxf6 Bxf6 16. Bd3 Be6 17. Nbd2 Qb6 18. b4 a5 19. bxa5 Nxa5 20. Qa4 Rxc3 21. Re3 (21. Qxa5 Qxa5 (21... Bxd4 22. Nxd4 Qxd4 23. Nf3 $18) 22. Bxh7+ Kxh7 $16) 21... Rxd3 22. Rxd3 Nc4 23. Rb3 Qc7 24. Qb4 g5 25. Nxc4 dxc4 26. Qxb7 Qf4 (26... Qd8 $14 27. Re3 Bxd4 (27... g4 28. Rxe6 fxe6 29. Ra7 $14) 28. Nxd4 Qxd4) 27. Re3 (27. g3 $16 Qf5 28. Rb5) 27... g4 $1 $14 28. Re4 Qd6 (28... Qb8 $11 {remains equal.} 29. Qxb8 Rxb8) 29. Ne5 $1 $16 (29. Ra6 $6 Qb8 30. Qxb8 Rxb8 $11) 29... Bxe5 30. Rxe5 {[%emt 0:03:11] Threatens to win with Rg5+.} Qxd4 31. Rae1 $36 {[%emt 0:00:14][%mdl 2048] White has strong initiative.} h6 32. Qe7 {[%emt 0:00:29] Black must now prevent Qf6. White is more active.} Qd8 $2 {[%emt 0:00:34] [#]} ({Better is} 32... c3 $14) 33. Rxe6 $1 $18 fxe6 34. Qxe6+ {[%emt 0:00:07][%mdl 4096] Endgame. KQR-KQR} Kh7 35. Qxg4 ({Don't do} 35. Qxc4 Qf6 36. Qe4+ (36. Qxg4 $2 Qxf2+ 37. Kh1 Qxe1#) 36... Qg6 $16) 35... Qf6 (35... Qd5 $142 36. Rd1 Re8) 36. Qe4+ (36. Qxc4 $2 {gets mated.} Qxf2+ 37. Kh1 Qxe1+) 36... Kh8 37. Qe5 (37. Qxc4 $2 {leads to mate.} Qxf2+ 38. Kh1 Qxe1+) (37. Qc2 $18 {has better winning chances.}) 37... Qxe5 $16 38. Rxe5 {[%emt 0:00:04] Strongly threatening Rc5. KR-KR} Rb8 {[%emt 0:01:54] ( -> ...Rb1+)} 39. g3 {[%emt 0:02:14] aiming for Rc5.} Rb1+ $2 (39... Rc8 $16) 40. Kg2 $18 Kg7 41. Re2 ({White should try} 41. Rc5 $18) 41... Rc1 {[%emt 0:00:55] [#]} (41... Kf6 $16) 42. Kf3 $1 c3 $2 (42... Kf6 43. Kf4 c3) 43. Ke3 c2 44. h4 {[%emt 0:00:37] White is clearly winning.} Kf6 45. Kd3 Kf5 46. Rxc2 Ra1 47. Rc4 h5 48. Rf4+ Ke5 49. Ke2 Kd5 {Weighted Error Value: White=0.19 (very precise) /Black=0.45.  Loses game:     	---       	Black=2      Mistake:       	White=3     	Black=5      Inaccurate:     	White=1     	Black=4      OK:         	White=12    	Black=6      Best:        	White=5     	Black=4      Strong:       	White=2     	Black=1} 1-0

[Event "Coimbra Queima Fitas Open 2024"]
[Site "Coimbra"]
[Date "2024.04.28"]
[Round "6.3"]
[White "Grimm, Daniel"]
[Black "Martin Duque, Jesus"]
[Result "1/2-1/2"]
[ECO "C54"]
[WhiteElo "2296"]
[BlackElo "2336"]
[Annotator "ChessBase"]
[PlyCount "50"]
[EventDate "2024.04.23"]
[EventType "swiss"]
[EventCountry "POR"]
[SourceTitle "playchess.com"]
[Source "ChessBase"]
[SourceQuality "1"]
[TimeControl "5400+30"]

1. e4 e5 2. Nf3 Nc6 3. Bc4 Bc5 4. c3 Nf6 5. d3 O-O 6. Bb3 a5 7. Bg5 h6 8. Bh4 Be7 9. Nbd2 d6 10. h3 Nd7 11. Bxe7 Nxe7 12. d4 Ng6 13. dxe5 dxe5 14. g3 Nc5 15. Bc2 b6 16. Qe2 Ba6 17. Qe3 Nd3+ 18. Bxd3 Qxd3 19. Qxd3 Bxd3 20. Nh2 f5 21. exf5 Rxf5 22. f3 h5 23. h4 e4 24. f4 b5 25. Nhf1 Ne7 1/2-1/2

[Event "Coimbra Queima Fitas Open 2024"]
[Site "Coimbra"]
[Date "2024.04.28"]
[Round "6.4"]
[White "Simoes, Miguel Caldeira"]
[Black "Serarols Mabras, Bernat"]
[Result "1-0"]
[ECO "B11"]
[WhiteElo "2084"]
[BlackElo "2361"]
[Annotator "TA"]
[PlyCount "83"]
[EventDate "2024.04.23"]
[EventType "swiss"]
[EventCountry "POR"]
[SourceTitle "playchess.com"]
[Source "ChessBase"]
[SourceQuality "1"]
[TimeControl "5400+30"]

1. e4 c6 2. Nc3 d5 3. Nf3 Bg4 4. h3 Bxf3 5. Qxf3 Nf6 6. d3 e6 7. Bd2 Qb6 8. O-O-O d4 9. Ne2 Bb4 {[%emt 0:00:42] The position is equal.} 10. Bxb4 Qxb4 11. e5 Nfd7 12. Qg4 O-O 13. Qxd4 Qa5 14. Nc3 c5 (14... Nxe5 $11 {keeps the balance.} 15. g4 Ned7) 15. Qa4 $16 Qc7 16. d4 Nc6 17. d5 Nb6 {[%emt 0:07:44] [#]} 18. Qe4 exd5 19. Nxd5 Nxd5 20. Rxd5 Nb4 {[%emt 0:01:18] Repels Bd3} 21. Rd1 (21. Bd3 $142 $1 g6 22. Rd6) 21... Nxa2+ {[%emt 0:01:22] Black is weak on the light squares} 22. Kb1 Nb4 23. c3 $40 {[%emt 0:07:44][%mdl 128] White wants a kill.} Rad8 (23... Qc6 $142 24. Bd3 Nxd3 25. Qxc6 bxc6 26. Rxd3 Rae8) 24. Rxd8 Qxd8 {[%emt 0:01:04][%cal Rd8d1] [#]} 25. Bc4 (25. cxb4 $6 Qd1+ 26. Ka2 Qa4+ 27. Kb1 Qd1+ 28. Ka2 Qa4+ 29. Kb1 Qd1+ $11) 25... Nc6 26. Bd5 Qe7 27. Re1 Nd8 (27... Rd8 $16 28. f4 h6) 28. f4 $18 Kh8 29. f5 Re8 30. Qa4 a6 31. Re4 b5 32. Qd1 {[%emt 0:02:37] White has more active pieces.} (32. Qxa6 $142 Qd7 33. Qd6 Qxf5 34. Qxc5) 32... Qd7 33. g4 Nc6 (33... g6 $14) 34. e6 $16 fxe6 35. Rxe6 (35. fxe6 Qd6) 35... Rd8 {[%emt 0:02:32] aiming for ...Ne7.} 36. Qe2 Na5 (36... Qxd5 $16 {keeps fighting.} 37. Re8+ Rxe8 38. Qxe8+ Qg8 39. Qxc6 h6) 37. Re5 (37. Rxa6 Qxd5 38. Rxa5 Qb3 $11) (37. Qf3 $18 {[%cal Of5f6] f6! would now be deadly.} Nc4 (37... Qxd5 $2 38. Qxd5 Rf8 39. Rxa6 $18) 38. Bxc4 bxc4 39. Rxa6) 37... c4 (37... Nc6 $16 38. Re6 Qxd5 39. Re8+ Rxe8 40. Qxe8+ Qg8 41. Qxc6 h5) 38. g5 $2 ({White should try} 38. Qe4 $18 {Re7 would kill now.} Nb3 39. Qe3) 38... b4 $2 {[%emt 0:02:10][%mdl 8192] Black cannot hold the game after this.} 39. f6 $18 {[%emt 0:01:20] Intending fxg7+ and mate.} (39. Bxc4 $2 Nxc4 40. f6 Nxe5 41. fxg7+ Kg8 $19 (41... Qxg7 $2 42. cxb4 Nd3 43. Qd2 $19)) 39... gxf6 40. gxf6 {[%emt 0:00:04] White mates.} bxc3 41. f7 (41. Bxc4 $2 {perishes.} Nxc4 (41... Qd1+ $2 42. Qxd1 Rxd1+ 43. Kc2 $18) 42. Qxc4 Qd1+ (42... Qxh3 43. f7 $16) 43. Ka2 cxb2 44. Kxb2 Rb8+ (44... Rd2+ $2 45. Kc3 $19) 45. Kc3 Qa1+ 46. Kd3 Qxe5 $19) 41... Rf8 42. Rg5 {[%emt 0:00:57] Weighted Error Value: White=0.24 (precise) /Black=0.37.  Loses game:     	---       	Black=1      Missed win:     	White=1     	---        Mistake:       	White=3     	Black=6      Inaccurate:     	White=1     	Black=3      OK:         	White=11    	Black=8      Best:        	White=4     	Black=1} 1-0

[Event "Coimbra Queima Fitas Open 2024"]
[Site "Coimbra"]
[Date "2024.04.28"]
[Round "6.5"]
[White "Martins, Bruno Andre Leite"]
[Black "Pacetti Terra, Nicolas Marcelo"]
[Result "1-0"]
[ECO "C82"]
[WhiteElo "2360"]
[BlackElo "2019"]
[Annotator "TA"]
[PlyCount "143"]
[EventDate "2024.04.23"]
[EventType "swiss"]
[EventCountry "POR"]
[SourceTitle "playchess.com"]
[Source "ChessBase"]
[SourceQuality "1"]
[TimeControl "5400+30"]

1. e4 e5 2. Nf3 Nc6 3. Bb5 a6 4. Ba4 Nf6 5. O-O Nxe4 6. d4 b5 7. Bb3 d5 8. dxe5 Be6 9. c3 Bc5 10. Bc2 O-O 11. Nbd2 Nxf2 12. Rxf2 f6 13. Nf1 {[%emt 0:00:17] C82: Open Ruy Lopez: 9 c3 without 9...Be7.} Bxf2+ 14. Kxf2 fxe5 {[%emt 0:00:08] Strongly threatening ...e4.} 15. Kg1 h6 16. Qe1 Qf6 17. Be3 d4 $146 (17... e4 $11 18. Nd4 Nxd4 19. Bxd4 Qf4) ({Predecessor:} 17... Rad8 18. Ng3 Bg4 19. Nd2 e4 20. Nb3 Ne5 21. Bd4 h5 22. h3 Bf3 23. Bxe5 Qxe5 {0-1 Yan,N (2118)-Campos Jimenez,A (2292) Sunnyvale Independence Day op 2023 (4)}) 18. Bf2 Bd5 {[%emt 0:00:25] Inhibits Qe4.} 19. Be4 (19. N1d2 $16) 19... Qe6 20. Ng3 Rad8 21. a4 Rf4 22. axb5 axb5 23. Rc1 ({Much worse is} 23. cxd4 Nxd4 24. Bxd4 (24. Nxd4 exd4 25. Bd3 Qf7 $15) 24... exd4 $11) 23... Bxe4 24. Nxe4 Qd5 25. Nfd2 b4 26. cxd4 exd4 27. Rc5 Qe6 {[%emt 0:00:22] Inhibits Nf6+.} 28. Qc1 ({White should try} 28. h3 $14) 28... Ne5 $11 {[%emt 0:04:51][%cal Of4e4] ...Rxe4! would now be deadly.} 29. Rxc7 Nd3 30. Qc4 Qxc4 31. Rxc4 Nxb2 ({Black should play} 31... Re8 $11) 32. Rxb4 $14 (32. Rxd4 Rxd4 33. Bxd4 Nc4 $11) 32... Nd3 33. Rxd4 Rxd4 34. Bxd4 Nc1 {[%emt 0:01:09] Hoping for ...Ne2+.} 35. Bf2 Kf7 36. g3 Rg4 37. Be3 Nb3 $2 {[%emt 0:01:06][%mdl 8192] [#]} 38. Ng5+ $2 ({Only move:} 38. h3 $1 $18 Nxd2 39. Nd6+ Kg8 40. hxg4 Nf3+ 41. Kg2 Ne1+ 42. Kf2) 38... hxg5 $14 39. Nxb3 Rb4 40. Nd2 g4 41. Kf2 Ke6 42. Bc5 Ra4 43. Ke3 Kf5 44. Kd3 Ra1 45. Bd4 Rh1 46. Bxg7 Rxh2 47. Nf1 Rh7 48. Ne3+ Kg5 49. Be5 Rd7+ 50. Ke4 Re7 51. Nd5 Re8 52. Kd4 Kf5 53. Ne3+ Kg5 54. Bf4+ Kh5 55. Kd5 Ra8 56. Ke6 Ra6+ 57. Kf5 Ra5+ $2 (57... Rf6+ $14 58. Ke5 Rf8) 58. Be5 $18 Ra4 59. Nd5 Kh6 60. Nf6 Ra3 61. Nxg4+ Kh7 62. Nf6+ Kh6 63. Bf4+ Kg7 64. g4 Ra5+ 65. Be5 Ra2 66. Nd5+ Kf7 67. Nf4 Ra5 68. g5 Ra6 69. g6+ Rxg6 70. Nxg6 Ke8 71. Ke6 Kd8 72. Ne7 1-0

[Event "Coimbra Queima Fitas Open 2024"]
[Site "Coimbra"]
[Date "2024.04.28"]
[Round "6.6"]
[White "Povshednyi, Ivan"]
[Black "Meira, Joao Pedro Pires Car"]
[Result "1-0"]
[ECO "A13"]
[WhiteElo "2249"]
[BlackElo "1967"]
[Annotator "RC"]
[PlyCount "133"]
[EventDate "2024.04.23"]
[EventType "swiss"]
[EventCountry "POR"]
[SourceTitle "playchess.com"]
[Source "ChessBase"]
[SourceQuality "1"]
[TimeControl "5400+30"]

1. c4 e6 2. Nf3 f5 3. g3 b6 4. Bg2 Bb7 5. a3 Be7 6. Nc3 Nf6 7. b4 Ne4 8. Bb2 Bf6 9. Qc2 Ng5 10. O-O Nxf3+ 11. exf3 Nc6 12. Ne2 Bxb2 13. Qxb2 Qf6 14. Qxf6 gxf6 15. d4 O-O-O 16. f4 Ne7 17. Nc3 Bxg2 18. Kxg2 d5 19. Rfe1 Kd7 20. Rad1 c6 21. c5 b5 22. a4 a6 23. Ra1 Ra8 24. Re2 Rhe8 25. Rea2 Reb8 26. Kf1 Rb7 27. Re1 Re8 28. axb5 axb5 29. Ra6 h5 30. h4 Ng6 31. Rea1 Reb8 32. Re1 Re8 33. Re2 Nh8 34. Nxd5 exd5 35. Rxe8 Kxe8 36. Ra8+ Kf7 37. Rxh8 Re7 38. Rc8 Re6 39. f3 Kg7 40. Kf2 Kg6 41. Rc7 Kh6 42. Kg1 Kg6 43. Kf1 Kh6 44. Rd7 Kg6 45. Kf2 Re8 46. Rd6 Rc8 47. Ke3 Re8+ 48. Kf2 Rc8 49. Kg2 Kf7 50. g4 fxg4 51. fxg4 Rg8 52. g5 fxg5 53. hxg5 Re8 54. Rxc6 Re4 55. Kf3 Rxd4 56. f5 Rg4 57. Rc7+ Kf8 58. g6 Rg1 59. Kf4 d4 60. Rd7 Rg4+ 61. Ke5 h4 62. c6 Ke8 63. Rh7 d3 64. Kf6 Kd8 65. Rd7+ Kc8 66. Rxd3 Kc7 67. g7 1-0